 Dungeon Crawl Stone Soup version 0.21-a0-356-g45b0a09 (webtiles) character file.

718 GordonOverkill the Chopper (level 7, 0/59 HPs)
             Began as a Minotaur Fire Elementalist on Oct 12, 2017.
             Slain by a centaur (2 damage)
             ... on level 5 of the Dungeon.
             The game lasted 00:12:43 (6192 turns).

GordonOverkill the Chopper (MiFE)                   Turns: 6192, Time: 00:12:44

Health: 0/59       AC: 11    Str: 15    XL:     7   Next: 42%
Magic:  8/8        EV:  9    Int: 17    God:
Gold:   178        SH:  5    Dex: 10    Spells: 7/8 levels left

rFire    . . .     SeeInvis .   d - -2 club (curse)
rCold    . . .     Gourm    +   e - +0 buckler
rNeg     . . .     Faith    .   i - +2 scale mail {rPois}
rPois    +         Spirit   .   (helmet restricted)
rElec    .         Reflect  .   (no cloak)
rCorr    .         Harm     .   (no gloves)
MR       .....                  g - +2 pair of boots
Stlth    ..........             r - amulet of the gourmand
HPRegen  0.19/turn              (no ring)
MPRegen  0.11/turn              (no ring)

@: brilliant, flying, drained
A: retaliatory headbutt, horns 2
a: no special abilities


You were on level 5 of the Dungeon.
You were completely stuffed.

You visited 1 branch of the dungeon, and saw 6 of its levels.

You collected 178 gold pieces.

Inventory:

Hand Weapons
 d - a cursed -2 club (weapon)
 k - a +1 whip
 q - a +1 vampiric hand axe
Missiles
 o - 6 tomahawks (quivered)
 p - a throwing net
Armour
 e - a +0 buckler (worn)
 g - a +2 pair of boots (worn)
 i - a +2 scale mail of poison resistance (worn)
Jewellery
 r - an amulet of the gourmand (around neck)
Wands
 a - a wand of polymorph (5/24)
Scrolls
 s - a scroll of blinking
Potions
 h - 2 potions of brilliance
 l - 2 potions of cancellation
 m - a potion of flight
Books
 t - a book of Callings

   Spells                             Type                      Level
   a - Summon Small Mammal            Summoning                    1
   b - Call Imp                       Summoning                    2
   c - Call Canine Familiar           Summoning                    3
   d - Summon Guardian Golem          Hexes/Summoning              3
   e - Summon Lightning Spire         Summoning/Air                4
   f - Summon Ice Beast               Ice/Summoning                4
Comestibles
 b - 2 meat rations
 c - a bread ration
 f - 2 chunks of flesh
 j - 2 royal jellies


   Skills:
 - Level 4.0(3.9) Fighting
 + Level 6.6 Axes
 - Level 2.1 Dodging
 - Level 1.5 Stealth
 - Level 5.5 Shields
 - Level 1.3 Spellcasting
 - Level 0.6(0.5) Conjurations
 - Level 2.1 Fire Magic


You had 7 spell levels left.
You knew the following spells:

 Your Spells              Type           Power        Failure   Level  Hunger
a - Flame Tongue          Conj/Fire      ###..        6%          1    ##.....


Dungeon Overview and Level Annotations

Branches:
Dungeon (6/15)
 Temple: D:4-7

Altars:

Annotations:
D:6 Sigmund


Innate Abilities, Weirdness & Mutations

You reflexively headbutt those who attack you in melee.
You have a pair of horns on your head.


Message History

* * * LOW HITPOINT WARNING * * *
The centaur hits you but does no damage.
You barely miss the centaur.
The centaur is heavily wounded.
You block the centaur's attack. The centaur hits you.
* * * LOW HITPOINT WARNING * * *
You hit the centaur.
The centaur is heavily wounded.
The centaur hits you but does no damage.
You barely miss the centaur. Your headbutt misses the centaur.
The centaur is heavily wounded.
The centaur hits you but does no damage.
The centaur hits you.
* * * LOW HITPOINT WARNING * * *
You hit the centaur but do no damage.
The centaur is heavily wounded.
The centaur hits you.
* * * LOW HITPOINT WARNING * * *
The centaur hits you.
You die...

#.................
####....##########...
#...(.............###
#........####.#.#.#
#.............#.#.###
#....###.#....#.#....
###..# #.####.#.#....
#..# #.# #.##.##
#.@###.####.#.##.##
#.>c...............
#..###.######......
#..........#####.##
########.### #.#
#.#.# #.# #.#.# #.#
...####.#.# #.##
..........# #...


You could see a centaur.

Vanquished Creatures
  A warg (D:4)
  An ogre (D:5)
  A bullfrog (D:6)
  A wight (D:4)
  2 crimson imps
  A hound (D:4)
  A jelly (D:6)
  5 worker ants
  6 adders
  2 shadow imps (D:6)
  An ooze (D:4)
  A worm (D:3)
  4 dart slugs
  4 leopard geckos
  A ball python (D:2)
  6 giant cockroaches
  8 goblins
  8 hobgoblins
  8 jackals
  A quokka (D:3)
  7 bats
  3 frilled lizards
  14 kobolds
  7 rats
94 creatures vanquished.

Notes
Turn   | Place    | Note
-------+----------+-------------------------------------------
     0 | D:1      | GordonOverkill the Minotaur Fire Elementalist began the quest for the Orb.
     0 | D:1      | Reached XP level 1. HP: 14/14 MP: 1/1
   154 | D:1      | Reached skill level 1 in Fighting
   356 | D:1      | Reached XP level 2. HP: 24/24 MP: 3/3
   808 | D:1      | Reached skill level 1 in Shields
   906 | D:1      | Reached XP level 3. HP: 30/30 MP: 4/4
  1340 | D:2      | Reached XP level 4. HP: 29/38 MP: 5/5
  3002 | D:3      | Reached XP level 5. HP: 46/46 MP: 6/6
  3625 | D:4      | Reached skill level 1 in Axes
  3729 | D:4      | Noticed a warg
  3729 | D:4      | a scorpion changed into a warg
  3743 | D:4      | Killed a warg
  3743 | D:4      | Reached skill level 2 in Axes
  3743 | D:4      | Reached skill level 5 in Shields
  3743 | D:4      | Reached XP level 6. HP: 15/52 MP: 7/7
  4009 | D:4      | Reached skill level 3 in Axes
  4659 | D:4      | Reached skill level 4 in Axes
  4802 | D:5      | Entered Level 5 of the Dungeon
  4802 | D:5      | Noticed a sky beast
  5658 | D:6      | Reached skill level 5 in Axes
  5658 | D:6      | Reached XP level 7. HP: 12/59 MP: 8/8
  6122 | D:6      | Reached skill level 6 in Axes
  6126 | D:6      | Noticed Sigmund
  6192 | D:5      | HP: 2/59 [centaur (3)]
  6192 | D:5      | Slain by a centaur

Vault maps used:
D:1:      dpeg_arrival_pits, serial_bayou_lagoon_a
D:2:      first_bread
D:3:      kennysheep_minor_cross
D:4:      uniq_menkaure, uniq_natasha
D:6:      uniq_sigmund, uniq_prince_ribbit1, uniq_duvessa

Skill      XL: |  1  2  3  4  5  6  7 |
---------------+----------------------+-----
Fighting       | 2 3 4 |  4.0
Shields        | 1 2 3 5 |  5.5
Axes           | 2 5 6 |  6.6
Dodging        | |  2.1
Stealth        | |  1.5
Spellcasting   | |  1.3
Conjurations   | |  0.6
Fire Magic     | |  2.1

Action                   |  1- 3 |  4- 6 |  7- 9 || total
-------------------------+-------+-------+-------++-------
Melee: Club              |   140 |   491 |    44 ||   675
       Headbutt          |    21 |    63 |     9 ||    93
       Unarmed           |     2 |       |       ||     2
Throw: Tomahawk          |       |    29 |     8 ||    37
Evoke: Wand              |       |     1 |       ||     1
  Use: Scroll            |     4 |    12 |     2 ||    18
       Potion            |       |     3 |     3 ||     6
  Eat: Chunk             |     1 |    12 |     5 ||    18
       Royal jelly       |       |     1 |       ||     1
       Bread ration      |       |       |     2 ||     2
Armor: Scale mail        |    75 |   228 |    16 ||   319
Dodge: Dodged            |    94 |   257 |    14 ||   365
Block: Buckler           |       |   102 |    14 ||   116

Table legend:
 A = Spawn XP
 B = Non-spawn XP
 C = Spawn XP percentage of total XP
 D = Spawn monster count
 E = Non-spawn monster count
 F = Spawn count percentage of total count
 G = Total turns spent on level
                    A         B        C        D         E        F      G
               +---------+---------+-------+---------+---------+-------+---------
         Total |       0 |    1027 |   0.0 |       0 |      94 |   0.0 |  6192
               +---------+---------+-------+---------+---------+-------+---------
           D:1 |       0 |      45 |   0.0 |       0 |      25 |   0.0 |  1232
           D:2 |       0 |      73 |   0.0 |       0 |      16 |   0.0 |  1053
           D:3 |       0 |     120 |   0.0 |       0 |      31 |   0.0 |  1777
           D:4 |       0 |     393 |   0.0 |       0 |      13 |   0.0 |  1089
           D:5 |       0 |     208 |   0.0 |       0 |       3 |   0.0 |   462
           D:6 |       0 |     188 |   0.0 |       0 |       6 |   0.0 |   579
               +---------+---------+-------+---------+---------+-------+---------
